 Dungeon Sprint DCSS version 0.17-a0-1210-g1e4f09d (webtiles) character file.

3662 Kidiri the Unseen (level 9, 0/49 HPs)
             Began as a Spriggan Assassin on June 4, 2015.
             Was the Champion of Dithmenos.
             Slain by a blink frog (8 damage)
             ... in the Dungeon (Sprint VII: "The Pits").
             The game lasted 00:12:47 (1003 turns).

Kidiri the Unseen (Spriggan Assassin)               Turns: 1003, Time: 00:12:49

Health: 0/49       AC:  6    Str: 10    XL:     9   Next: 89%
Magic:  14/14      EV: 33    Int: 13    God:    Dithmenos [******]
Gold:   0          SH:  0    Dex: 20    Spells: 0 memorised, 8 levels left

rFire  . . .     SeeInvis +     w - +2 rapier (elec)
rCold  . . .     Clarity  .     c - +0 robe
rNeg   . . .     SustAt   .     (shield restricted)
rPois  .         Gourm    .     (helmet restricted)
rElec  .         Spirit   .     d - +0 cloak
rCorr  .         Warding  .     (gloves unavailable)
rMut   .         NoTele   +     (boots unavailable)
MR     +....                    (no amulet)
Stlth  ++++++++++               u - +3 ring of protection
                                t - +3 ring of strength

@: wreathed by umbra, very quick, somewhat resistant to hostile enchantments,
uncannily stealthy
A: unfitting armour, see invisible, herbivore 3, speed 3, slow metabolism 2
a: Shadow Step, Shadow Form, Renounce Religion


You were in the Dungeon.
You worshipped Dithmenos.
Dithmenos was exalted by your worship.
You were not hungry.

You visited 1 branch

Inventory:

Hand weapons
 a - a +2 dagger
 b - a +0 blowgun
 i - a +0 dagger of draining
 w - a +2 rapier of electrocution (weapon)
Missiles
 e - 6 poisoned needles
 x - a curare-tipped needle
Armour
 c - a +0 robe (worn)
 d - a +0 cloak (worn)
Jewellery
 t - a +3 ring of strength (left hand)
 u - a +3 ring of protection (right hand)
Magical devices
 f - a wand of frost (35)
Scrolls
 m - a scroll of blinking
 p - 3 scrolls of remove curse
 q - 5 scrolls of amnesia
 r - a scroll of summoning
Potions
 h - 8 potions of curing
 j - 4 potions of haste
 k - 4 potions of magic
 l - 3 potions of berserk rage
 o - 2 potions of invisibility
 s - 7 potions of heal wounds
 v - a potion of cure mutation
Comestibles
 g - 8 bread rations
 n - 40 fruits


   Skills:
 + Level 6.8 Fighting
 * Level 12.1 Short Blades
 + Level 8.9 Throwing
 * Level 15.2 Dodging
 * Level 17.1 Stealth
 + Level 5.9 Invocations


You had 8 spell levels left.
You didn't know any spells.

Dungeon Overview and Level Annotations

Branches:
Dungeon (1/1)

Altars:
Ashenzari
Cheibriados
Dithmenos
Elyvilon
Fedhas
Gozag
Kikubaaqudgha
Makhleb
Nemelex Xobeh
Okawaru
Qazlal
Ru
Sif Muna
Trog
Vehumet
Xom
Yredelemnul
Zin
The Shining One
Beogh
Jiyva
Lugonu

Annotations:
D Sonja


Innate Abilities, Weirdness & Mutations

You are tiny and cannot use many weapons and most armour.
You have supernaturally acute eyesight.
You are a herbivore.
You cover ground extremely quickly.
You need consume almost no food.


Message History

You closely miss Sonja.
Sonja is almost dead.
Your shadow barely misses Sonja.
The blink frog completely misses you.
Unknown command.
You miss Sonja.
Sonja is almost dead.
Your shadow misses Sonja.
Sonja hits you with an uncursed short sword of distortion.
Sonja completely misses you.
Sonja hits you with an uncursed short sword of distortion!
Space bends around you.
* * * LOW HITPOINT WARNING * * *
The blink frog completely misses you.
You completely miss Sonja.
Sonja is severely wounded.
Your shadow hits Sonja but does no damage.
Sonja hits you but does no damage. Space bends around you.
* * * LOW HITPOINT WARNING * * *
Sonja completely misses you. Sonja misses you. The blink frog hits you!
You die...

#................#
#......#..#......#
#................+
'...)...)))......+
#......#..#......#
#................#
####'#####''######
#.......##''############
#.......##......@K('...###
#.......##......'F.'.)).)##
#...<...##.....##..##))...#
#.......##..÷###....###†...#
#.......##††##........###.##
#.......##†)#...#..#...# ...
##########..†..).......+
...+
##########''#..†#..#...#
...#
...#..[[##..##........##
.###


You could see a blink frog and Sonja.

Vanquished Creatures
  A griffon (D)
  An orange demon (D)
  A demonic crawler (D)
  A hellwing (D)
  3 blink frogs (D)
  A tarantella (D)
  Eustachio (D)
  A wyvern (D)
  3 yaks (D)
  A small abomination (D)
  An orc warrior (D)
  A sky beast (D)
  An eye of draining (D)
  A necrophage (D)
  2 brain worms (D)
  2 gnoll sergeants (D)
  A giant frog (D)
  3 killer bees (D)
  A jelly (D)
  An orc priest (D)
  Jessica (D)
  4 sheep (D)
  A worker ant (D)
  9 gnolls (D)
  A giant gecko (D)
  4 orcs (D)
  3 ball pythons (D)
  A bat zombie (D)
  A giant cockroach (D)
  2 goblins (D)
  2 jackals (D)
  2 quokkas (D)
  A giant cockroach zombie (D)
  A giant newt (D)
  2 rats (D)
63 creatures vanquished.

Notes
Turn   | Place    | Note
--------------------------------------------------------------
     0 | D        | Kidiri the Spriggan Assassin began the quest for the Orb.
     0 | D        | Reached XP level 1. HP: 10/10 MP: 2/2
    14 | D        | Reached skill level 1 in Short Blades
    14 | D        | Reached skill level 6 in Stealth
    52 | D        | Found a sacrificial altar of Ru.
    52 | D        | Found a basalt altar of Yredelemnul.
    52 | D        | Found a shadowy altar of Dithmenos.
    52 | D        | Found a deep blue altar of Sif Muna.
    52 | D        | Found a burning altar of Makhleb.
    52 | D        | Found a shimmering altar of Xom.
    52 | D        | Found an ancient bone altar of Kikubaaqudgha.
    52 | D        | Found a sparkling altar of Nemelex Xobeh.
    53 | D        | Found a glowing golden altar of the Shining One.
    53 | D        | Found a bloodstained altar of Trog.
    53 | D        | Found a shattered altar of Ashenzari.
    53 | D        | Found a white marble altar of Elyvilon.
    53 | D        | Found a snail-covered altar of Cheibriados.
    53 | D        | Found a blossoming altar of Fedhas.
    53 | D        | Found a radiant altar of Vehumet.
    53 | D        | Found a glowing silver altar of Zin.
    53 | D        | Found a corrupted altar of Lugonu.
    53 | D        | Found a viscous altar of Jiyva.
    53 | D        | Found a roughly hewn altar of Beogh.
    53 | D        | Found an iron altar of Okawaru.
    56 | D        | Became a worshipper of Dithmenos the Shadowed
    60 | D        | Found a stormy altar of Qazlal.
    60 | D        | Found an opulent altar of Gozag.
    94 | D        | Noticed a gnoll sergeant
    95 | D        | Noticed a brain worm
    95 | D        | Noticed a brain worm
    96 | D        | Acquired Dithmenos's first power
    96 | D        | Reached XP level 2. HP: 15/15 MP: 3/3
   121 | D        | Reached skill level 7 in Stealth
   137 | D        | Killed a brain worm
   137 | D        | Reached skill level 8 in Stealth
   137 | D        | Reached XP level 3. HP: 7/19 MP: 4/4
   137 | D        | Reached XP level 4. HP: 8/23 MP: 5/5
   149 | D        | Killed a gnoll sergeant
   149 | D        | Reached skill level 5 in Short Blades
   149 | D        | Reached skill level 9 in Stealth
   149 | D        | Reached XP level 5. HP: 26/28 MP: 6/6
   186 | D        | Acquired Dithmenos's second power
   209 | D        | Killed a brain worm
   209 | D        | Reached skill level 5 in Throwing
   209 | D        | Reached skill level 10 in Stealth
   271 | D        | Acquired Dithmenos's third power
   360 | D        | Noticed a giant frog
   374 | D        | Killed a giant frog
   374 | D        | Reached skill level 11 in Stealth
   374 | D        | Reached XP level 6. HP: 33/33 MP: 7/7
   404 | D        | Noticed a sky beast
   406 | D        | Killed a sky beast
   406 | D        | Reached skill level 10 in Dodging
   406 | D        | Reached skill level 12 in Stealth
   411 | D        | Noticed a necrophage
   452 | D        | Killed a necrophage
   511 | D        | Noticed a worker ant
   511 | D        | Noticed Jessica
   513 | D        | Killed Jessica
   513 | D        | Acquired Dithmenos's fourth power
   513 | D        | Reached XP level 7. HP: 38/38 MP: 8/8
   528 | D        | Killed a worker ant
   556 | D        | Noticed a jelly
   556 | D        | Noticed a demonic crawler
   558 | D        | Killed a jelly
   558 | D        | Reached skill level 1 in Invocations
   563 | D        | Killed a demonic crawler
   563 | D        | Reached skill level 5 in Fighting
   563 | D        | Reached skill level 13 in Stealth
   671 | D        | Noticed a small abomination
   673 | D        | Killed a small abomination
   673 | D        | Reached XP level 8. HP: 43/43 MP: 5/11
   727 | D        | Noticed a wyvern
   728 | D        | Noticed an orc warrior
   728 | D        | Noticed an orc priest
   729 | D        | Noticed a griffon
   729 | D        | Noticed an eye of draining
   729 | D        | Noticed a yak
   729 | D        | Noticed a yak
   729 | D        | Noticed a yak
   729 | D        | Noticed a killer bee
   729 | D        | Noticed a killer bee
   729 | D        | Noticed a killer bee
   730 | D        | Killed a wyvern
   730 | D        | Reached skill level 14 in Stealth
   735 | D        | Killed an orc priest
   753 | D        | HP: 1/44 [griffon (15)]
   762 | D        | Killed a griffon
   762 | D        | Reached skill level 10 in Short Blades
   769 | D        | Killed a killer bee
   770 | D        | Killed a killer bee
   775 | D        | Killed a killer bee
   775 | D        | Reached skill level 15 in Stealth
   780 | D        | Killed a yak
   786 | D        | Noticed an orange demon
   793 | D        | Killed a yak
   801 | D        | Killed an orc warrior
   801 | D        | Reached XP level 9. HP: 27/48 MP: 1/13
   808 | D        | Killed an eye of draining
   810 | D        | Noticed a tarantella
   813 | D        | Killed a yak
   825 | D        | Killed a tarantella
   825 | D        | Reached skill level 16 in Stealth
   825 | D        | Reached skill level 5 in Invocations
   837 | D        | Killed an orange demon
   939 | D        | Noticed a gnoll sergeant
   939 | D        | Noticed Eustachio
   939 | D        | Noticed a blink frog
   939 | D        | Noticed a blink frog
   939 | D        | Noticed a blink frog
   940 | D        | Noticed a blink frog
   940 | D        | Noticed a hellwing
   940 | D        | Noticed Sonja
   941 | D        | Killed Eustachio
   942 | D        | Killed a gnoll sergeant
   943 | D        | Killed a blink frog
   945 | D        | Killed a blink frog
   961 | D        | Killed a blink frog
   961 | D        | Reached skill level 15 in Dodging
   974 | D        | Killed a hellwing
   974 | D        | Reached skill level 17 in Stealth
  1003 | D        | Slain by a blink frog

Vault maps used:
D:        pitsprint

Action                   |  1- 3 |  4- 6 |  7- 9 || total
-------------------------+-------+-------+-------++-------
Melee: Dagger            |    17 |    36 |    23 ||    76
       Rapier            |       |       |   110 ||   110
 Fire: Blowgun           |     6 |     9 |     6 ||    21
Invok: Shadow Step       |       |     2 |     4 ||     6
  Use: Potion            |       |     1 |     4 ||     5
 Stab: Sleeping          |     7 |     9 |    16 ||    32
